 Dungeon Crawl Stone Soup version 0.29.1-1-gd02db6906a (webtiles) character file.

Game seed: 11217354277320747787

17 Iusername the Trooper (level 2, 27/27 HPs)
             Began as a Minotaur Fighter on Sept 26, 2022.
             Quit the game on level 2 of the Dungeon.
             The game lasted 00:01:30 (762 turns).

Iusername the Trooper (Minotaur Fighter)             Turns: 762, Time: 00:01:30

Health: 27/27      AC:  7    Str: 20    XL:     2   Next: 44%
Magic:  1/1        EV:  9    Int:  5    God:
Gold:   80         SH:  4    Dex:  9    Spells: 1/1 levels left

rFire   . . .      SeeInvis .   a - +0 trident
rCold   . . .      Faith    .   c - +0 buckler
rNeg    . . .      Spirit   .   b - +0 scale mail
rPois   .          Reflect  .   (helmet restricted)
rElec   .          Harm     .   (no cloak)
rCorr   .          Rampage  .   (no gloves)
Will    .....                   (no boots)
Stlth   ..........              (no amulet)
HPRegen 0.09/turn               (no ring)
MPRegen 0.07/turn               (no ring)

@: no status effects
A: horns 2, retaliatory headbutt
a: no special abilities


You were on level 2 of the Dungeon.
You visited 1 branch of the dungeon, and saw 2 of its levels.

You collected 80 gold pieces.

Inventory:

Hand Weapons
 a - a +0 trident (weapon)
Armour
 b - a +0 scale mail (worn)
 c - a +0 buckler (worn)
Scrolls
 f - a scroll of butterflies {unknown}
 h - a scroll of teleportation {unknown}
Potions
 d - a potion of might
 e - 2 potions of degeneration {unknown}
 g - a potion of ambrosia {unknown}


   Skills:
 + Level 4.0 Fighting
 + Level 2.7 Polearms
 + Level 3.9 Armour
 + Level 3.9 Shields


You had one spell level left.
You didn't know any spells.
Your spell library was empty.

Dungeon Overview and Level Annotations

Branches:
Dungeon (2/15)

Altars:


Innate Abilities, Weirdness & Mutations

You have a pair of horns on your head.
You reflexively headbutt those who attack you in melee.


Message History

You hit the rat.
You kill the rat!
No target in view!
No target in view!
You see here a rat corpse.
A ball python comes into view.
The ball python hisses angrily.
The ball python moves out of view.
A rat comes into view.
There are monsters nearby!
You puncture the ball python!
You kill the ball python!
Your Fighting skill increases to level 4!
You reach to attack!
You barely miss the rat. The rat barely misses you.
You barely miss the rat. The rat bites you but does no damage.
You hit the rat.
The rat is severely wounded.
The rat bites you but does no damage.
You puncture the rat!
You kill the rat!
No target in view!
Things that are here:
a rat corpse; a ball python corpse A rat comes into view.
Found a ruby potion.
A rat is nearby!
You reach to attack!
You closely miss the rat. You hit the rat but do no damage.
You headbutt the rat.
You kill the rat!
No target in view!
Found a faded altar of an unknown god.
Found a stone staircase leading up.
e - 2 ruby potions (gained 1)
A hobgoblin comes into view.
You puncture the hobgoblin!
You kill the hobgoblin!
No target in view!
There is a faded altar of an unknown god here.
You cannot tell which god this altar belongs to.
Convert to them anyway?
Okay, then.
Are you sure you want to abandon this character and quit the game? (Confirm with "yes".)

# ... .. #####.# ... ..
# ....<# ... . .### #
#.##.##.##.##.# ....
#.#...@........?. ..#
##.####.........## .
... .....##....##.....
..####.#
#.............#
...#.##.###.###....#..#
##.#<.........#..#.# .#
#................#.#
###..####.###.#.##.#..
..........# #.#.##.####


There were no monsters in sight!

Vanquished Creatures
  A dart slug (D:1)
  An endoplasm (D:1)
  2 hobgoblins
  A kobold (D:1)
  A quokka (D:1)
  4 ball pythons
  3 bats (D:1)
  4 rats
17 creatures vanquished.

Notes
Turn   | Place    | Note
-------+----------+-------------------------------------------
     0 | D:1      | Iusername the Minotaur Fighter began the quest for the Orb.
     0 | D:1      | Reached XP level 1. HP: 19/19 MP: 0/0
   190 | D:1      | Reached XP level 2. HP: 22/27 MP: 1/1
   733 | D:2      | Reached skill level 4 in Fighting
   749 | D:2      | Found a faded altar of an unknown god.
   762 | D:2      | Quit the game

Illustrated notes

Levels and vault maps discovered:
D:1:      dpeg_arrival_line_fractal, layout_loops_ring
D:2:      layout_basic, basic_ecumenical_altar, serial_glass, glass_columns_b,
          glass_columns_b, uniq_sigmund, uniq_robin

Skill      XL: |  1  2 |
---------------+-------+-----
Fighting       | 4 |  4.0
Polearms       | |  2.7
Armour         | |  3.9
Shields        | |  3.9

Action                   || total
-------------------------++-------
Melee: Trident           ||    45
       Headbutt          ||     1
Armor: Scale mail        ||    16
Dodge: Dodged            ||    15
Block: Buckler           ||     6
